 Dungeon Crawl Stone Soup version 0.24-a0-809-g71cb82dfb8 (webtiles) character file.

Game seed: 15151137603891151275, levelgen mode: deterministic

2223 Gumption the Firebug (level 9, -4/62 HPs)
             Began as a Green Draconian Fire Elementalist on Oct 10, 2019.
             Was a Follower of Sif Muna.
             Slain by Harold
             ... wielding a +2 mace of protection
              (10 damage)
             ... on level 6 of the Dungeon.
             The game lasted 01:25:29 (8935 turns).

Gumption the Firebug (DrFE)                         Turns: 8935, Time: 01:25:30

Health: -4/62      AC: 10    Str: 10    XL:     9   Next: 13%
Magic:  1/16       EV: 12    Int: 19    God:    Sif Muna [*.....]
Gold:   289        SH:  6    Dex: 12    Spells: 4/17 levels left

rFire    . . .     SeeInvis .   a - +0 trident
rCold    . . .     Gourm    .   r - +1 buckler
rNeg     . . .     Faith    .   (armour unavailable)
rPois    +         Spirit   .   (helmet restricted)
rElec    .         Reflect  .   (no cloak)
rCorr    .         Harm     .   (no gloves)
MR       .....                  g - +2 pair of boots
Stlth    ++........             (no amulet)
HPRegen  0.20/turn              (no ring)
MPRegen  0.15/turn              (no ring)

@: marked
A: breathe noxious fumes, unfitting armour, poison resistance, cold-blooded, AC
+7
a: Breathe Noxious Fumes, Channel Magic, Renounce Religion


You were on level 6 of the Dungeon.
You worshipped Sif Muna.
Sif Muna was aware of your devotion.
You were hungry.

You visited 1 branch of the dungeon, and saw 7 of its levels.

You collected 289 gold pieces.

Inventory:

Hand Weapons
 a - a +0 trident (weapon)
 m - a +0 hand crossbow
Missiles
 l - 91 stones
 n - 22 poisoned darts (quivered)
 p - 41 sling bullets
 q - a throwing net
Armour
 g - a +2 pair of boots (worn)
 k - a +0 shield
 r - a +1 buckler (worn)
Jewellery
 c - an uncursed ring of fire
Wands
 t - a wand of polymorph (9)
Scrolls
 f - 7 scrolls of remove curse
 i - 2 scrolls of magic mapping
 v - a scroll of teleportation
Potions
 b - 2 potions of haste
 d - a potion of invisibility
 h - 2 potions of mutation
 j - 6 potions of curing
 o - a potion of flight
 s - a potion of cancellation
 u - a potion of ambrosia
 w - 2 potions of agility
 x - a potion of brilliance
 z - 2 potions of heal wounds
Comestibles
 e - 9 rations
 A - a chunk of flesh


   Skills:
 + Level 0.0 Fighting
 - Level 1.7 Dodging
 - Level 1.7 Stealth
 - Level 4.0 Shields
 + Level 4.9 Spellcasting
 * Level 7.3 Conjurations
 * Level 7.8 Fire Magic
 + Level 0.0 Invocations


You had 4 spell levels left.
You knew the following spells:

 Your Spells              Type           Power        Failure   Level  Hunger
a - Flame Tongue          Conj/Fire      ####.        1%          1    None
b - Conjure Flame         Conj/Fire      ####....     1%          3    ##.....
c - Sticky Flame          Conj/Fire      ####....     5%          4    ####...
d - Fireball              Conj/Fire      ####......   16%         5    ######.

Your spell library contained the following spells:

 Spells                   Type           Power        Failure   Level  Hunger
 Throw Flame              Conj/Fire      ####..       1%          2    #......
 Inner Flame              Hex/Fire       ###.....     8%          3    ##.....


Dungeon Overview and Level Annotations

Branches:
Dungeon (7/15)
 Temple: D:4-7

Altars:
Elyvilon
Hepliaklqana
Kikubaaqudgha
Makhleb
Nemelex Xobeh
Okawaru
Sif Muna
Wu Jian
Yredelemnul

Annotations:
D:4 Ijyb, Robin
D:5 2 runed translucent doors
D:6 Harold


Innate Abilities, Weirdness & Mutations

You can breathe blasts of noxious fumes.
Your lurid green scales are hard. (AC +7)
You cannot fit into any form of body armour.
Your system is resistant to poisons. (rPois)
You are cold-blooded and may be slowed by cold attacks.


Message History

Casting: Flame Tongue (safe; 1% risk of failure)
Confirm with . or Enter, or press ? or * to list all spells.
Aiming: Flame Tongue (safe; 1% risk of failure)
Press: ? - help, Shift-Dir - straight line, f/p - Harold
Aim: Harold, wielding a +2 mace of protection and wearing a +0 scale mail (severely wounded)
The flame tongue hits Harold but does no damage.
Harold is severely wounded.
Harold hits you with a +2 mace of protection!
* * * LOW HITPOINT WARNING * * *
The jackal misses you.
Casting: Flame Tongue (safe; 1% risk of failure)
Confirm with . or Enter, or press ? or * to list all spells.
Aiming: Flame Tongue (safe; 1% risk of failure)
Press: ? - help, Shift-Dir - straight line, f/p - Harold
Aim: Harold, wielding a +2 mace of protection and wearing a +0 scale mail (severely wounded)
The flame tongue hits Harold!
Harold is almost dead.
The jackal bites you but does no damage.
Harold hits you with a +2 mace of protection!
You die...

##################
#....##..........#
#....##.........@#
......'.........@#
.....##.........h#######
.....##.......##.......#
..##....)......+.......#
..##...........#.......#
..##...........#.......#
...............#.......#
...............#.......#
......#................#


You could see Harold and a jackal.

Vanquished Creatures
  A phantom (D:5)
  3 ice beasts
  2 orc warriors (D:6)
  A black bear (D:6)
  2 ogres
  A centaur (D:5)
  4 bullfrogs
  3 scorpions
  5 wights (D:6)
  3 howler monkeys
  A bullfrog zombie (D:5)
  A crimson imp (D:5)
  3 hounds
  A centaur skeleton (D:6)
  A bullfrog skeleton (D:6)
  2 orc wizards (D:6)
  Natasha (thrice) (D:3)
  2 worker ants
  A hound zombie (D:3)
  A howler monkey zombie (D:5)
  A gnoll (D:6)
  5 adders
  4 adder skeletons
  An adder zombie (D:5)
  4 worms
  4 leopard geckos
  16 orcs
  8 bats
  4 giant cockroaches
  9 goblins
  8 hobgoblins
  4 jackals
  3 quokkas
  3 ball pythons
  3 frilled lizards
  7 kobolds
  2 quokka skeletons (D:5)
  4 rats
  A spectral orc (D:5)
132 creatures vanquished.

Notes
Turn   | Place    | Note
-------+----------+-------------------------------------------
     0 | D:1      | Gumption the Draconian Fire Elementalist began the quest
                  | for the Orb.
     0 | D:1      | Reached XP level 1. HP: 14/14 MP: 3/3
   696 | D:1      | Reached XP level 2. HP: 20/20 MP: 1/5
  1514 | D:2      | Reached XP level 3. HP: 26/26 MP: 4/6
  1632 | D:2      | Found a sparkling altar of Nemelex Xobeh.
  1665 | D:2      | Found a faded altar of an unknown god.
  1915 | D:2      | Learned a level 3 spell: Conjure Flame
  2152 | D:2      | Found a burning altar of Makhleb.
  2152 | D:2      | Found a hazy altar of Hepliaklqana.
  2237 | D:3      | Upgraded the game from 0.24-a0-789-g35933f4585 to
                  | 0.24-a0-809-g71cb82dfb8
  2924 | D:3      | Reached XP level 4. HP: 24/33 MP: 1/7
  2986 | D:3      | Learned a level 4 spell: Sticky Flame
  3163 | D:3      | Found an ancient bone altar of Kikubaaqudgha.
  3793 | D:3      | Found a white marble altar of Elyvilon.
  3956 | D:4      | Noticed an ogre
  3966 | D:4      | Noticed Robin
  3978 | D:4      | Noticed Ijyb
  3994 | D:3      | Reached XP level 5. HP: 29/38 MP: 0/9
  4037 | D:3      | Reached skill level 1 in Shields
  4530 | D:4      | Found a shimmering blue altar of Sif Muna.
  4537 | D:4      | Became a worshipper of Sif Muna the Loreminder
  4651 | D:4      | Found an ornate altar of the Wu Jian Council.
  4698 | D:4      | Noticed an ice beast
  4828 | D:4      | Reached XP level 6. HP: 45/45 MP: 5/10
  4952 | D:4      | Killed an ice beast
  5029 | D:4      | Noticed Natasha
  5061 | D:3      | Killed Natasha
  5061 | D:3      | Reached skill level 5 in Fire Magic
  5158 | D:3      | Found an ancient bone altar of Kikubaaqudgha.
  5313 | D:3      | Noticed Natasha
  5320 | D:3      | Killed Natasha
  5668 | D:3      | Noticed Natasha
  5674 | D:3      | Killed Natasha
  5801 | D:4      | Your scales start taking on a lurid green colour.
  5801 | D:4      | Reached XP level 7. HP: 38/50 MP: 3/11
  5801 | D:4      | Gained mutation: Your system is resistant to poisons.
                  | (rPois) [Green Draconian growth]
  5896 | D:5      | Entered Level 5 of the Dungeon
  6176 | D:5      | Found a runed translucent door.
  6206 | D:5      | Found a runed translucent door.
  6232 | D:5      | Reached skill level 5 in Conjurations
  6632 | D:5      | Learned a level 5 spell: Fireball
  6819 | D:5      | Found a basalt altar of Yredelemnul.
  6994 | D:5      | Reached XP level 8. HP: 57/57 MP: 2/13
  7127 | D:5      | Reached * piety under Sif Muna
  8210 | D:6      | Found an iron altar of Okawaru.
  8388 | D:6      | Reached XP level 9. HP: 30/62 MP: 5/16
  8915 | D:7      | Noticed Harold
  8935 | D:6      | Slain by Harold

Levels and vault maps discovered:
D:1:      ebering_hopf_link, layout_loops_corners
D:2:      layout_rooms, amethyst_overflow_temple_binary,
          nemelex_xobeh_ov_fountains_minmay, chequers_ecumenical_altar_simple
D:3:      layout_basic, lemuel_round_altar, lemuel_crystal_altar, first_ration
D:4:      cheibrodos_barr_body, layout_loops_ring, marbit_many_paths,
          kennysheep_little_box, uniq_robin, uniq_ijyb, uniq_natasha
D:5:      lemuel_insect_pit, layout_basic, yredelemnul_forgotten_temple_becter
D:6:      layout_basic, okawaru_altar_gauntlet_db
D:7:      layout_cave_pools, minmay_temple_entry_stoned_glass,
          serial_gnoll_camp, gnoll_camp_mini_basic, gnoll_camp_mini_basic,
          gnoll_camp_huts_moat, gnoll_camp_mini_loothouse, cheibriados_altar_1,
          uniq_harold, uniq_pikel, uniq_duvessa

Skill      XL: |  1  2  3  4  5  6  7  8 |
---------------+-------------------------+-----
Conjurations   | 2 3 4 5 7 |  7.3
Fire Magic     | 4 5 6 7 |  7.8
Shields        | 1 2 3 4 |  4.0
Spellcasting   | 3 4 |  4.9
Dodging        | |  1.7
Stealth        | |  1.7

Action                   |  1- 3 |  4- 6 |  7- 9 || total
-------------------------+-------+-------+-------++-------
Melee: Whip              |    14 |       |       ||    14
       Trident           |     6 |     4 |    23 ||    33
       Tailslap          |     2 |       |       ||     2
Throw: Stone             |    28 |       |       ||    28
       Dart              |     1 |    28 |    44 ||    73
 Cast: Flame Tongue      |    99 |    75 |   187 ||   361
       Sticky Flame      |       |       |     1 ||     1
  Use: Scroll            |       |    15 |     4 ||    19
  Eat: Chunk             |     5 |     4 |     3 ||    12
       Ration            |     1 |     1 |     2 ||     4
Armor: Skin              |    26 |    35 |    34 ||    95
Dodge: Dodged            |    35 |    40 |    49 ||   124
Block: Buckler           |     1 |    15 |    31 ||    47

Table legend:
 A = Non-vault XP
 B = Vault XP
 C = Vault XP percentage of total XP
 D = Non-vault monster count
 E = Vault monster count
 F = Vault count percentage of total count
                 A         B        C        D         E       F
            +---------+---------+-------+---------+---------+-------
      Total |    2788 |     388 |  12.2 |     111 |      21 |  15.9
            +---------+---------+-------+---------+---------+-------
        D:1 |      28 |       0 |   0.0 |      16 |       0 |   0.0
        D:2 |      47 |       0 |   0.0 |      15 |       0 |   0.0
        D:3 |     223 |      35 |  13.6 |      26 |       1 |   3.7
        D:4 |     173 |     283 |  62.1 |       4 |      12 |  75.0
        D:5 |     932 |       1 |   0.1 |      24 |       1 |   4.0
        D:6 |    1385 |      69 |   4.7 |      26 |       7 |  21.2
            +---------+---------+-------+---------+---------+-------
